 Dungeon Crawl Stone Soup version 0.26-a0-602-gd42a14c23b (webtiles) character file.

Game seed: 15426205286346175614

19508 ANON1729 the Fighter (level 12, -8/133 HPs)
             Began as an Ogre Berserker on Aug 31, 2020.
             Was an Elder of Trog.
             Shot with a bolt by an orc (14 damage)
             ... in a bailey.
             The game lasted 00:42:38 (25406 turns).

ANON1729 the Fighter (Ogre Berserker)              Turns: 25406, Time: 00:42:38

Health: -8/133     AC:  6    Str: 28    XL:     12   Next: 69%
Magic:  12/12      EV: 12    Int: 14    God:    Trog [****..]
Gold:   665        SH:  0    Dex:  8    Spells: 11/11 levels left

rFire    . . .     SeeInvis .   x - +3 whip (holy)
rCold    . . .     Faith    .   (no shield)
rNeg     . . .     Spirit   .   M - +0 troll leather armour
rPois    .         Reflect  .   (helmet restricted)
rElec    .         Harm     .   (no cloak)
rCorr    .                      (gloves unavailable)
MR       ++++.                  (boots unavailable)
Stlth    +.........             (no amulet)
HPRegen  1.72/turn              p - ring of protection from magic
MPRegen  0.13/turn              f - +6 ring of intelligence

@: regenerating (expiring), drained
A: large, unfitting armour, tough skin 1
a: Berserk, Trog's Hand, Brothers in Arms, Renounce Religion


You were in a bailey.
You worshipped Trog.
Trog was greatly pleased with you.
You visited 1 branch of the dungeon, and saw 13 of its levels.
You also visited: Bailey.

You collected 982 gold pieces.
You spent 317 gold pieces at shops.

Inventory:

Hand Weapons
 a - a +0 mace
 b - a +1 antimagic great mace
 x - a +3 whip of holy wrath (weapon)
 y - a +0 whip of venom
 E - the +9 scimitar of Instant Death {flame, +Rage rF+ MR+}
   (You found it on level 10 of the Dungeon)

   It has been specially enchanted to burn those struck by it, causing extra
   injury to most foes and up to half again as much damage against particularly
   susceptible opponents.
   Big, fiery blades are also staple armaments of hydra-hunters.
   It protects you from fire.
   It affects your resistance to hostile enchantments.
   It lets you go berserk.
Missiles
 m - 56 poisoned darts (quivered)
 H - 118 bolts
 O - 4 large rocks
Armour
 K - a +0 robe
 M - a +0 troll leather armour (worn)
Jewellery
 f - a +6 ring of intelligence (right hand)
 p - a ring of protection from magic (left hand)
 N - an uncursed ring of wizardry {unknown}
Wands
 n - a wand of flame (13)
 s - a wand of enslavement (13)
 w - a wand of paralysis (5)
 D - a wand of random effects (17)
 F - a wand of digging (8)
 J - a wand of iceblast (9)
Scrolls
 c - 9 scrolls of teleportation
 d - 3 scrolls of blinking
 g - 3 scrolls of enchant armour
 h - a scroll of immolation
 k - 4 scrolls of fog
 o - 2 scrolls of remove curse
 u - a scroll of fear
 A - 2 scrolls of enchant weapon
 G - a scroll of vulnerability
Potions
 e - 5 potions of haste
 i - a potion of brilliance {unknown}
 j - 4 potions of curing
 l - a potion of berserk rage {unknown}
 q - 3 potions of might {unknown}
 r - a potion of heal wounds {unknown}
 t - 3 potions of resistance {unknown}
 v - 3 potions of mutation {unknown}
 z - a potion of stabbing {unknown}
 C - a potion of magic {unknown}
 L - a potion of invisibility {unknown}
Miscellaneous
 B - a box of beasts (1/3)


   Skills:
 + Level 12.5(11.2) Fighting
 * Level 12.2(10.9) Maces & Flails
 + Level 7.5(6.3) Armour
 + Level 9.1(7.9) Dodging


You had 11 spell levels left.
You didn't know any spells.
Your spell library was empty.

Dungeon Overview and Level Annotations

Branches:
Dungeon (13/15)            Temple (0/1) D:4            Lair (0/6) D:11
    Orc (0/2) D:11         Bailey (1/1)
 Vaults: D:13-14

Altars:
Ashenzari
Fedhas
Okawaru
Ru
Trog
Uskayaw
The Shining One

Shops:
D:4 [   D:7 *   D:8 (   D:9 *

Annotations:
D:2 2 transporters
D:11 exclusion: 2 doors


Innate Abilities, Weirdness & Mutations

You are too large for most types of armour.
You have tough skin. (AC +1)


Message History

The orc shoots a bolt.
The bolt barely misses you. The orc warrior hits you!
* * * LOW HITPOINT WARNING * * *
Okay, then.
Your deep troll goes berserk!
Trog will no longer gift you weapons.
The orc warrior splashes around in the water.
The orc shoots a bolt.
The bolt barely misses you.
You hit the orc warrior.
The orc warrior is severely wounded.
You hit the orc warrior.
The orc warrior is severely wounded.
You feel the effects of Trog's Hand fading.
The orc warrior splashes around in the water.
The orc shoots a bolt.
The bolt hits you!
* * * LOW HITPOINT WARNING * * *
The orc warrior wields a +0 arbalest.
The orc warrior shoots a bolt.
The bolt hits you!!
* * * LOW HITPOINT WARNING * * *
The orc shoots a bolt.
The bolt hits you!
You die...

≈## ≈≈## #≈≈≈≈≈≈≈≈≈ ≈......
≈≈≈#### ##≈≈≈≈≈≈#.# ≈......
≈≈≈≈≈≈≈ ≈≈≈≈≈≈≈#∩.##≈......
≈≈≈≈≈≈≈≈≈≈≈≈≈≈≈..^. ≈......
≈≈≈≈≈≈≈≈≈≈≈≈≈≈≈##.##≈......
≈≈≈≈≈≈≈≈≈≈≈≈≈≈≈≈#o#≈≈......#
≈≈≈≈≈≈≈≈≈≈≈≈ooo≈≈≈≈≈≈......#
...............(@T.........#
...........................#
.................).........#
.........((.(.((.(..(......#
............((...(..)......#
..........(......(((((....∩#
############################


You could see an orc warrior, 3 orcs and a friendly deep troll (summoned,
berserk).

Vanquished Creatures
  Erica (D:9)
  2 death yaks
  2 two-headed ogres
  2 ugly things
  A cyclops (D:12)
  2 manticores (D:11)
  A kobold demonologist (D:11)
  A komodo dragon (D:12)
  3 trolls
  A hornet (D:8)
  3 hippogriffs
  24 yaks
  2 wraiths
  2 wyverns (D:11)
  Menkaure (D:7)
  4 black bears
  A porcupine (D:11)
  7 orc warriors
  3 ice beasts
  7 sky beasts
  A phantom (D:11)
  12 ogres
  3 centaurs
  3 big kobolds
  9 bullfrogs
  A water moccasin zombie (D:11)
  A water moccasin skeleton (D:10)
  A wyvern skeleton (D:11)
  2 scorpions
  4 killer bees
  7 howler monkeys
  2 wights (D:13)
  4 centaur zombies
  11 orc priests
  2 bullfrog skeletons
  10 hounds
  A jelly (D:5)
  8 orc wizards
  6 centaur skeletons
  2 gnoll shamans
  An iguana (D:4)
  8 worker ants
  A hell rat (D:10)
  A killer bee zombie (D:10)
  A hound zombie (D:10)
  A hound skeleton (D:11)
  Robin (D:3)
  A howler monkey zombie (D:5)
  13 adders
  16 gnolls
  A howler monkey skeleton (D:5)
  3 shadow imps
  3 white imps
  5 ufetubi
  A worm zombie (D:4)
  3 adder zombies
  2 adder skeletons
  5 worms
  2 dart slugs (D:1)
  A leopard gecko (D:6)
  55 orcs
  2 ball pythons
  6 giant cockroaches
  10 hobgoblins
  11 jackals
  10 quokkas
  6 bats
  6 frilled lizards
  14 goblins
  2 jackal skeletons
  22 kobolds
  2 leopard gecko skeletons
  A leopard gecko zombie (D:8)
  An orc zombie (D:4)
  12 rats
  2 bushes (D:4)
392 creatures vanquished.

Vanquished Creatures (collateral kills)
  Erolcha (D:13)
  A death yak (D:11)
  An orc wizard (D:13)
  A worker ant (D:11)
4 creatures vanquished.

Vanquished Creatures (others)
  An orc warrior (D:13)
  2 wights (D:13)
  7 plants (D:4)
10 creatures vanquished.

Grand Total: 406 creatures vanquished

Notes
Turn   | Place    | Note
-------+----------+-------------------------------------------
     0 | D:1      | ANON1729 the Ogre Berserker began the quest for the Orb.
     0 | D:1      | Reached XP level 1. HP: 24/24 MP: 1/1
   155 | D:1      | Reached XP level 2. HP: 17/32 MP: 2/2
   569 | D:1      | Reached XP level 3. HP: 31/40 MP: 3/3
   581 | D:1      | Reached ** piety under Trog
   653 | D:2      | Found a transporter.
   653 | D:2      | Found a transporter.
   656 | D:2      | Noticed a big kobold
  1027 | D:2      | Found a shattered altar of Ashenzari.
  1461 | D:2      | Reached XP level 4. HP: 49/49 MP: 4/4
  2087 | D:2      | Reached skill level 5 in Fighting
  2347 | D:2      | Found a sacrificial altar of Ru.
  2499 | D:3      | Noticed Robin
  2512 | D:3      | Reached XP level 5. HP: 24/57 MP: 5/5
  2527 | D:3      | Killed Robin
  3056 | D:3      | Reached *** piety under Trog
  4139 | D:4      | Reached XP level 6. HP: 57/66 MP: 6/6
  4151 | D:4      | Reached skill level 1 in Armour
  4174 | D:4      | Noticed a black bear
  4320 | D:4      | Killed a black bear
  4320 | D:4      | Reached skill level 5 in Maces & Flails
  4320 | D:4      | Reached XP level 7. HP: 62/75 MP: 7/7
  4353 | D:4      | Found a hide-covered altar of Uskayaw.
  4353 | D:4      | Found a bloodstained altar of Trog.
  4353 | D:4      | Found a glowing golden altar of the Shining One.
  4836 | D:4      | Found a staircase to the Ecumenical Temple.
  5106 | D:4      | Found Aprug's Antique Armour Boutique.
  5456 | D:5      | Entered Level 5 of the Dungeon
  5837 | D:5      | Reached XP level 8. HP: 18/84 MP: 8/8
  5838 | D:5      | HP: 3/84 [something/puff of flame (9)]
  6907 | D:6      | Reached skill level 5 in Dodging
  7954 | D:6      | Reached XP level 9. HP: 81/96 MP: 9/9
  8607 | D:6      | Found an iron altar of Okawaru.
  9470 | D:7      | Found Wiuney's Assorted Antiques.
  9506 | D:7      | Bought a scroll labeled MOESHR CE YGY for 29 gold pieces
  9506 | D:7      | Bought a scroll labeled MOESHR CE YGY for 29 gold pieces
  9506 | D:7      | Bought a scroll labeled BIH NEAMYSINOENG for 29 gold pieces
  9506 | D:7      | Bought a grey potion for 26 gold pieces
  9506 | D:7      | Bought a scroll of teleportation for 87 gold pieces
 10151 | D:7      | Reached **** piety under Trog
 10313 | D:7      | Noticed Menkaure
 10325 | D:7      | Killed Menkaure
 11189 | D:8      | Noticed a hornet
 11473 | D:8      | Paralysed by a hornet for 2 turns
 11864 | D:8      | Reached XP level 10. HP: 46/107 MP: 10/10
 12181 | D:8      | Found Awocvuck's Antique Weapon Emporium.
 12604 | D:9      | Found a blossoming altar of Fedhas.
 13436 | D:9      | Found Ruefaded's Assorted Antiques.
 13444 | D:9      | Bought a scroll labeled BIH NEAMYSINOENG for 24 gold pieces
 13444 | D:9      | Bought a grey potion for 21 gold pieces
 13444 | D:9      | Bought a scroll of teleportation for 72 gold pieces
 13531 | D:9      | Reached skill level 5 in Armour
 14057 | D:10     | Entered Level 10 of the Dungeon
 14074 | D:9      | Noticed Erica
 14160 | D:9      | Killed Erica
 14365 | D:9      | Reached skill level 10 in Fighting
 15535 | D:10     | Reached skill level 10 in Maces & Flails
 15979 | D:10     | Reached XP level 11. HP: 79/119 MP: 11/11
 17562 | D:11     | Noticed an eight-headed hydra
 17562 | D:11     | Noticed a manticore
 17938 | D:10     | Reached ***** piety under Trog
 18991 | D:11     | Noticed a death yak
 18994 | D:11     | Noticed a two-headed ogre
 19067 | D:10     | Killed a death yak
 19074 | D:10     | Got an encrusted scimitar
 19348 | D:11     | Noticed a manticore
 19360 | D:11     | Killed a manticore
 20345 | D:11     | Found a staircase to the Orcish Mines.
 20773 | D:11     | Noticed a red ugly thing
 20794 | D:11     | Killed a red ugly thing
 21212 | D:11     | Killed a two-headed ogre
 21560 | D:11     | Noticed an ettin
 22002 | D:11     | Noticed a death yak
 22002 | D:11     | Noticed a death yak
 22004 | D:11     | Identified the +9 scimitar of Instant Death {flame, +Rage
                  | rF+ MR+} (You found it on level 10 of the Dungeon)
 22019 | D:11     | Killed a death yak
 22019 | D:11     | Reached XP level 12. HP: 48/131 MP: 12/12
 22710 | D:11     | Killed a death yak
 22710 | D:11     | Received a gift from Trog
 22738 | D:11     | Found a staircase to the Lair.
 24638 | D:13     | Noticed Erolcha
 24645 | D:13     | Killed Erolcha
 24732 | D:13     | Noticed a two-headed ogre
 24753 | D:13     | Killed a two-headed ogre
 24782 | D:13     | Found a flagged portal.
 24802 | Bailey   | Entered a bailey
 25406 | Bailey   | HP: 6/133 [orc warrior/bolt (21)]
 25406 | Bailey   | Shot with a bolt by an orc

Illustrated notes

Levels and vault maps discovered:
D:1:      lightli_arrival_noodles, layout_rooms, nrook_mini_vaults
D:2:      layout_loops_ring, gammafunk_temple_overflow_arena, old_standard_altar
D:3:      layout_loops_cross, portal_sewer_entry_b, saegor_snake_ambush,
          uniq_robin
D:4:      layout_basic, gammafunk_temple_overflow_claw,
          minmay_temple_entry_antechambers, enter_ossuary_3, serial_shops,
          shop_statue, serial_forest, infiniplex_forest_lined_corner,
          infiniplex_forest_clump_medium, infiniplex_forest_straight_5,
          infiniplex_forest_straight_1, infiniplex_forest_clump_curved,
          infiniplex_forest_end_2, infiniplex_forest_clump_long,
          infiniplex_forest_lined_room_3, infiniplex_forest_lined_4_way,
          infiniplex_forest_clump_curved
D:5:      layout_gridville
D:6:      layout_loops_ring, serial_glass, glass_columns_b, glass_columns_c,
          glass_columns_a, glass_columns_a, okawaru_ov_weapons_minmay
D:7:      layout_gridville, serial_shops, nicolae_shop_statue_plus,
          roderic_lattice_a, kennysheep_generic_room_15, uniq_menkaure
D:8:      layout_rooms, serial_shops, shop, st_stairs_12,
          minmay_misc_feat_rugged
D:9:      layout_irregular_city, serial_shops, nicolae_shop_statue_plus,
          basic_altar, hex_tiny, uniq_erica
D:10:     layout_stronghold
D:11:     layout_gridville, dpeg_lair_monsters, david_orc_4,
          grunt_ministairs_15, minmay_three_doors
D:12:     layout_basic
D:13:     layout_basic, enter_bailey_3, kennysheep_small_spiral, uniq_erolcha
Bailey:   bailey_polearm_2, bailey

Skill      XL: |  1  2  3  4  5  6  7  8  9 10 11 12 |
---------------+-------------------------------------+-----
Maces & Flails | 3 4 5 7 8 10 11 12 | 12.2
Dodging        | 3 4 5 6 7 8 9 |  9.1
Fighting       | 5 6 7 9 10 11 12 | 12.5
Armour         | 1 2 3 4 5 6 7 |  7.5

Action                   |  1- 3 |  4- 6 |  7- 9 | 10-12 || total
-------------------------+-------+-------+-------+-------++-------
Melee: Mace              |   125 |   256 |   556 |   123 ||  1060
       Whip              |       |       |       |   955 ||   955
       Morningstar       |       |       |       |    16 ||    16
       Scimitar          |       |       |       |     6 ||     6
       Great mace        |       |       |       |    58 ||    58
Invok: Berserk           |     2 |     4 |    16 |    12 ||    34
       Trog's Hand       |     2 |     2 |     5 |     4 ||    13
       Brothers in Arms  |       |       |     1 |     3 ||     4
Evoke: Wand              |       |       |     3 |    23 ||    26
       Box of beasts     |       |       |       |     2 ||     2
  Use: Scroll            |       |     4 |     3 |    10 ||    17
       Potion            |       |       |     2 |       ||     2
 Stab: Sleeping          |       |     1 |       |       ||     1
       Paralysed         |       |       |       |    13 ||    13
Armor: Animal skin       |    69 |    61 |    83 |    78 ||   291
       Troll leather arm |       |       |       |    36 ||    36
       Robe              |       |       |       |     4 ||     4
Dodge: Dodged            |    85 |   131 |   332 |   607 ||  1155

Table legend: (Time is in decaauts)
 A = Elapsed time spent in this place.
 B = Non-inter-level travel time spent in this place.
 C = Inter-level travel time spent in this place.
 D = Time resting spent in this place.
 E = Time spent auto-exploring this place.
 F = Levels seen in this place.
 G = Mean time per level.
                   A        B        C        D        E       F      G
               +--------+--------+--------+--------+--------+-----+--------+
         Total |  25505 |  24804 |    701 |  14653 |   5731 |  14 | 1821.8 |
       Dungeon |  24857 |  24156 |    701 |  14473 |   5547 |  13 | 1912.1 |
        Bailey |    647 |    647 |      0 |    180 |    183 |   1 |  647.0 |
               +--------+--------+--------+--------+--------+-----+--------+

Top non-repeatable levels by time:
    D:10: 5320 daAuts
    D:11: 2740 daAuts
     D:5: 2312 daAuts
     D:9: 2004 daAuts
     D:2: 1906 daAuts
     D:8: 1795 daAuts
     D:6: 1731 daAuts
     D:7: 1683 daAuts
     D:3: 1671 daAuts
    D:12: 1385 daAuts
     D:4: 1164 daAuts
     D:1: 903 daAuts
  Bailey: 647 daAuts
    D:13: 238 daAuts
